 Dungeon Crawl Stone Soup version 0.27.1-34-g3ba077fa99 (webtiles) character file.

Game seed: 10792424858899510214

1704 comborobin the Martial Artist (level 8, -1/59 HPs)
             Began as a Vampire Delver on Jan 8, 2022.
             Was a Believer of Cheibriados.
             Slain by a hornet (13 damage)
             ... while paralysed by a hornet
             ... on level 7 of the Dungeon.
             The game lasted 00:08:02 (7761 turns).

comborobin the Martial Artist (Vampire Delver)      Turns: 7761, Time: 00:08:02

Health: -1/59      AC:  5    Str: 23    XL:     8   Next: 73%
Magic:  0/8        EV:  2    Int: 16    God:    Cheibriados [**....]
Gold:   314        SH:  0    Dex: 20    Spells: 1/7 levels left

rFire    . . .     SeeInvis +     - Unarmed
rCold    . . .     Faith    .   (no shield)
rNeg     . . .     Spirit   +   a - +0 leather armour
rPois    .         Reflect  .   n - +0 helmet
rElec    .         Harm     .   q - +0 cloak
rCorr    .         Rampage  .   (no gloves)
Will     .....                  (no boots)
Stlth    ++++......             i - amulet of guardian spirit
HPRegen  0.39/turn              p - +6 ring of strength
MPRegen  0.11/turn              (no ring)

@: paralysed, lethally poisoned (-1 -> -29), healing quickly, slowed, very slow
A: alive, fangs 3, see invisible, vampiric 2
a: Exsanguinate, Renounce Religion, Bend Time


You were on level 7 of the Dungeon.
You worshipped Cheibriados.
Cheibriados was pleased with you.
You visited 2 branches of the dungeon, and saw 9 of its levels.

You collected 314 gold pieces.

Inventory:

Hand Weapons
 d - a +1 hand axe of electrocution
Armour
 a - a +0 leather armour (worn)
 e - a +0 ring mail
 n - a +0 helmet (worn)
 q - a +0 cloak (worn)
Jewellery
 i - an amulet of guardian spirit (around neck)
 p - a +6 ring of strength (left hand)
Wands
 f - a wand of digging (7)
Scrolls
 b - 2 scrolls of fog
 c - 2 scrolls of teleportation {unknown}
 g - 2 scrolls of blinking {unknown}
 h - 8 scrolls of identify {unknown}
 j - 2 scrolls of immolation {unknown}
 k - a scroll of fear
 l - 2 scrolls of magic mapping
 o - 3 scrolls of amnesia {unknown}
 s - a scroll of summoning {unknown}
 t - 2 scrolls of noise
Potions
 m - a potion of invisibility {unknown}
 r - a potion of flight
 u - a potion of curing
 v - a potion of cancellation {unknown}


   Skills:
 + Level 3.6 Fighting
 + Level 5.0 Dodging
 - Level 7.2 Stealth
 * Level 11.0 Unarmed Combat
 * Level 0.0 Ice Magic


You had one spell level left.
You knew the following spells:

 Your Spells              Type           Power      Damage    Failure   Level
a - Frozen Ramparts       Ice            0%         1d2       65%         3
c - Spider Form           Tmut/Pois      0%         N/A       65%         3

Your spell library contained the following spells:

 Spells                   Type           Power      Damage    Failure   Level
 Beastly Appendage        Tmut           0%         N/A       28%         1
 Freeze                   Ice            0%         1d3       28%         1
 Shock                    Conj/Air       0%         1d3       28%         1
 Wereblood                Tmut           0%         N/A       41%         2
 Conjure Flame            Conj/Fire      0%         6-21      65%         3
 Ignite Poison            Fire/Tmut/Pois 0%         N/A       65%         3
 Summon Guardian Golem    Hex/Summ       0%         N/A       65%         3
 Swiftness                Air            0%         N/A       65%         3
 Airstrike                Air            0%         N/A       96%         4
 Hailstorm                Conj/Ice       0%         3d3       96%         4
 Sticky Flame             Conj/Fire      0%         2d3       96%         4
 Iskenderun's Battlesphe  Conj           0%         2d6       100%        5
 Iron Shot                Conj/Erth      0%         9d1       100%        6
 Orb of Destruction       Conj           0%         N/A       100%        7
 Spellforged Servitor     Conj/Summ      0%         N/A       100%        7


Dungeon Overview and Level Annotations

Branches:
Dungeon (8/15)             Temple (1/1) D:4
   Lair: D:8-11

Altars:
Cheibriados
Dithmenos
Elyvilon
Fedhas
Gozag
Hepliaklqana
Kikubaaqudgha
Makhleb
Okawaru
Ru
Trog
Uskayaw
Vehumet
Wu Jian
Xom
Zin
The Shining One

Shops:
D:6 =(

Annotations:
D:6 exclusion: gargoyle
D:7 exclusion: hornet


Innate Abilities, Weirdness & Mutations

Your natural rate of healing is accelerated.
You have razor-sharp teeth.
You have supernaturally acute eyesight. (SInv)
You are afflicted with vampirism and can become a bat while bloodless.


Message History

t - Shout!
Orders for allies: a - Attack new target. r - Retreat! s - Stop attacking. g - Guard the area. f - Follow me.
Anything else - Cancel.
You shout for attention!
You hear an angry buzzing noise.
Okay, then.
Okay, then.
You closely miss the hornet. Your punch misses the hornet.
The hornet barely misses you.
You punch the hornet!
The hornet is heavily wounded.
The hornet misses you.
You miss the hornet.
The hornet is heavily wounded.
The hornet stings you!
You are poisoned.
You feel yourself slow down. The hornet stings you!
You are more poisoned.
You feel as though you will be slow longer.
Unknown command.
You miss the hornet.
The hornet is heavily wounded.
You feel very sick. The hornet closely misses you.
Unknown command.
You hit the hornet but do no damage.
The hornet is heavily wounded.
You feel very sick. The hornet stings you.
You are more poisoned.
You suddenly lose the ability to move!
The hornet stings you!
You are more poisoned.
You feel as though you will be slow longer.
You feel very sick. The hornet stings you!
* * * LOW HITPOINT WARNING * * *
You feel as though you will be slow longer.
The hornet stings you!
You die...

#.............#####.# ###......##
####.#....##### #.# ###......##
#.#....# ####.###..........
#.#....# #................#
#.#....# #......>.........#
#.#....# #.......[......<.#
##......# #.....<.[.......)#
##.....### #................#
#.......)######@...............#
#..............y......#...#.....
##........###......#######.####.#
..........# #.#.##.# #.####.#
.##.......# #...##.# #......#
..........# #.####.# ########
.##......## #......#
..#.....#####.######
.##................#


You could see a hornet.

Vanquished Creatures
  A centaur zombie (D:7)
  3 water moccasins
  A black bear (D:5)
  A centaur (D:4)
  A bullfrog (D:7)
  2 scorpions
  A wyvern zombie (D:5)
  3 hounds
  Crazy Yiuf (D:3)
  A bullfrog skeleton (D:5)
  An orc priest (D:5)
  3 centaur skeletons
  A gnoll shaman (D:4)
  3 iguanas (D:5)
  2 orc wizards
  Robin (D:3)
  5 gnolls (D:5)
  6 adders
  A white imp (D:7)
  An ufetubus (D:4)
  A worm (D:3)
  2 dart slugs
  6 orcs
  13 ball pythons
  6 bats
  3 endoplasms
  2 giant cockroaches
  16 goblins
  8 hobgoblins
  A quokka (D:1)
  5 frilled lizards
  5 kobolds
  7 rats
114 creatures vanquished.

Notes
Turn   | Place    | Note
-------+----------+-------------------------------------------
     0 | D:5      | comborobin the Vampire Delver began the quest for the Orb.
     0 | D:5      | Reached XP level 1. HP: 17/17 MP: 1/1
   102 | D:5      | Reached skill level 3 in Unarmed Combat
   102 | D:5      | Reached XP level 2. HP: 17/23 MP: 2/2
   102 | D:5      | Gained mutation: You are afflicted with vampirism and can
                  | become a bat while bloodless. [Vampire growth]
   102 | D:5      | Reached XP level 3. HP: 20/28 MP: 3/3
   222 | D:4      | Noticed a centaur
   237 | D:4      | Reached skill level 4 in Unarmed Combat
   406 | D:5      | Reached XP level 4. HP: 4/34 MP: 4/4
   514 | D:5      | Reached skill level 5 in Unarmed Combat
   909 | D:5      | Noticed a black bear
  1027 | D:6      | Noticed a scorpion
  1040 | D:6      | Killed a scorpion
  1041 | D:6      | Reached skill level 6 in Unarmed Combat
  1041 | D:6      | Reached XP level 5. HP: 10/39 MP: 5/5
  1284 | D:6      | Found Ajeyretunn's Weapon Emporium.
  1291 | D:6      | Found Goraij's Jewellery Shop.
  1296 | D:6      | Noticed a water moccasin
  1314 | D:6      | Killed a water moccasin
  1315 | D:6      | Reached skill level 7 in Unarmed Combat
  1315 | D:6      | Reached XP level 6. HP: 35/46 MP: 6/6
  1432 | D:6      | Noticed a gargoyle
  1728 | D:7      | Reached skill level 9 in Unarmed Combat
  1728 | D:7      | Reached XP level 7. HP: 48/51 MP: 7/7
  1926 | D:7      | Noticed a hornet
  2104 | D:7      | HP: 2/51 [poisoned by a water moccasin]
  3174 | D:5      | Reached XP level 8. HP: 45/57 MP: 5/8
  3446 | D:5      | Reached skill level 10 in Unarmed Combat
  3767 | D:5      | Found a radiant altar of Vehumet.
  4865 | D:4      | Found a staircase to the Ecumenical Temple.
  5033 | Temple   | Entered the Ecumenical Temple
  5072 | Temple   | Became a worshipper of Cheibriados the Contemplative
  5546 | D:3      | Noticed Robin
  5573 | D:3      | Killed Robin
  5694 | D:3      | Found a runed translucent door.
  5695 | D:3      | Noticed Crazy Yiuf
  5779 | D:3      | Learned a level 3 spell: Spider Form
  5915 | D:3      | Reached * piety under Cheibriados
  6083 | D:3      | Killed Crazy Yiuf
  6084 | D:3      | Reached skill level 5 in Dodging
  6084 | D:3      | Reached skill level 11 in Unarmed Combat
  7014 | D:1      | Reached ** piety under Cheibriados
  7184 | D:1      | Learned a level 3 spell: Frozen Ramparts
  7486 | D:1      | Found a faded altar of an unknown god.
  7760 | D:7      | Paralysed by a hornet for 2 turns
  7761 | D:7      | Slain by a hornet

Illustrated notes

Levels and vault maps discovered:
D:1:      nicolae_arrival_somewhat_less_tricky_arrival, layout_loops_ring,
          shapermc_ecumenical_altar_mp_highgroup, minmay_misc_feat_rows
D:2:      layout_loops_cross
D:3:      layout_loops_cross, uniq_crazy_yiuf_cottage, uniq_robin
D:4:      layout_loops_ring, temple_doors_e
D:5:      layout_layer_cave, fiery_altar_vehumet, solitary_fountain,
          chequers_serial_rivers_micro_d, minmay_curled_crystal
D:6:      layout_gridville, serial_shops, nicolae_shop_trees, nicolae_shop_trees
D:7:      layout_loops_cross
D:8:      layout_rooms, dpeg_oklobed_lair
Temple:   nicolae_temple_the_god_donut

Skill      XL: |  1  2  3  4  5  6  7  8 |
---------------+-------------------------+-----
Unarmed Combat | 3 4 6 7 9 11 | 11.0
Dodging        | 3 5 |  5.0
Fighting       | 3 |  3.6
Stealth        | |  7.2

Action                   |  1- 3 |  4- 6 |  7- 9 || total
-------------------------+-------+-------+-------++-------
Melee: Unarmed           |    41 |   111 |   232 ||   384
       Bite              |     3 |    16 |    31 ||    50
       Punch             |     1 |     3 |    14 ||    18
Evoke: Wand              |       |       |     2 ||     2
  Use: Scroll            |     2 |     1 |       ||     3
       Potion            |     1 |     3 |     2 ||     6
 Stab: Sleeping          |       |     3 |    29 ||    32
       Distracted        |       |       |     1 ||     1
Armor: Leather armour    |     5 |    44 |    37 ||    86
Dodge: Dodged            |    21 |    83 |   142 ||   246
